 Dungeon Crawl Stone Soup version 0.26.1-11-gd32895ea62 (webtiles) character file.

Game seed: 4640313771957028400

103 eccles the Ruffian (level 4, 0/35 HPs)
             Began as a Draconian Transmuter on June 29, 2021.
             Succumbed to a scorpion's poison
             ... on level 2 of the Dungeon on July 19, 2021.
             The game lasted 00:10:35 (1133 turns).

eccles the Ruffian (Draconian Transmuter)           Turns: 1133, Time: 00:10:36

Health: 0/35       AC:  5    Str: 13    XL:     4   Next: 51%
Magic:  7/7        EV: 12    Int: 14    God:
Gold:   89         SH:  0    Dex: 11    Spells: 1/7 levels left

rFire    . . .     SeeInvis .     - Unarmed
rCold    . . .     Faith    .   (no shield)
rNeg     . . .     Spirit   .   (armour unavailable)
rPois    .         Reflect  .   (helmet currently unavailable)
rElec    .         Harm     .   (no cloak)
rCorr    .         Rampage  .   (no gloves)
Will     .....                  (boots currently unavailable)
Stlth    +.........             (no amulet)
HPRegen  0.11/turn              (no ring)
MPRegen  0.10/turn              (no ring)

@: lethally poisoned (0 -> -6), appendages (expiring), attractive
A: unfitting armour, horns 2, talons 2, cold-blooded, AC +5
a: End Transformation


You were on level 2 of the Dungeon.
You had grown temporary horns.
You had grown temporary talons.
You visited 1 branch of the dungeon, and saw 2 of its levels.

You collected 89 gold pieces.

Inventory:

Missiles
 a - 41 stones
 e - 40 arrows
 k - 5 poisoned darts (quivered)
Armour
 c - a +1 kite shield of reflection
Jewellery
 f - a +4 ring of slaying {unknown}
 h - an uncursed amulet of faith {unknown}
 l - an uncursed ring of magical power {unknown}
Scrolls
 d - 3 scrolls of remove curse {unknown}
 i - a scroll of identify {unknown}
 j - a scroll of noise {unknown}
Potions
 b - a potion of attraction


   Skills:
 + Level 1.1 Fighting
 + Level 0.1 Throwing
 + Level 2.2 Dodging
 + Level 0.2 Stealth
 + Level 4.5 Unarmed Combat
 + Level 2.4 Spellcasting
 + Level 2.3 Transmutations


You had one spell level left.
You knew the following spells:

 Your Spells              Type           Power        Failure   Level
a - Beastly Appendage     Tmut           16%          9%          1
b - Wereblood             Tmut           8%           13%         2
c - Spider Form           Tmut/Pois      2%           38%         3

Your spell library contained the following spells:

 Spells                   Type           Power        Failure   Level
 Ice Form                 Ice/Tmut       5%           80%         4
 Blade Hands              Tmut           4%           94%         5


Dungeon Overview and Level Annotations

Branches:
Dungeon (2/15)

Altars:
Qazlal
Ru


Innate Abilities, Weirdness & Mutations

Your plain brown scales are hard. (AC +5)
You cannot fit into any form of body armour.
You are cold-blooded and may be slowed by cold attacks.
You have a pair of horns on your head.
You have razor-sharp toenails.


Message History

* * * LOW HITPOINT WARNING * * *
You feel sick. The scorpion barely misses you.
You hit the scorpion.
You kill the scorpion!
* * * LOW HITPOINT WARNING * * *
You feel sick.
You have reached level 4!
You feel clever.
It was a potion of attraction.
You feel attractive to monsters.
* * * LOW HITPOINT WARNING * * *
You feel sick. The jackal closely misses you.
You barely miss the jackal. The jackal bites you.
* * * LOW HITPOINT WARNING * * *
The jackal bites you but does no damage.
You closely miss the jackal. Your kick misses the jackal.
* * * LOW HITPOINT WARNING * * *
You feel sick. The jackal barely misses you.
It was a potion of magic.
Magic courses through your body.
You die...

≈.#
#.#...........#.#
..#
#.#.#######.###.#
≈.# #.......#.....#
≈.##
#.#######.#######
≈≈.#
#......<.........
...#
#######.#.#####.#
...# #....#.# .).#
#######......#
................@###
..######.#######h#
.## #.# #
#.#.#######.
#.....s.....
###.######## ...#
##.(# #.)#


You could see a jackal.

Vanquished Creatures
  A scorpion (D:2)
  An adder (D:2)
  A worm (D:2)
  2 leopard geckos (D:2)
  7 bats
  3 goblins (D:1)
  4 hobgoblins
  2 jackals (D:2)
  2 frilled lizards (D:2)
  9 kobolds
  6 rats
38 creatures vanquished.

Notes
Turn   | Place    | Note
-------+----------+-------------------------------------------
     0 | D:1      | eccles the Draconian Transmuter began the quest for the
                  | Orb.
     0 | D:1      | Reached XP level 1. HP: 16/16 MP: 3/3
   331 | D:1      | Reached XP level 2. HP: 19/23 MP: 3/5
   868 | D:2      | Found a sacrificial altar of Ru.
   878 | D:2      | Reached XP level 3. HP: 18/28 MP: 6/6
   905 | D:2      | Found a stormy altar of Qazlal.
   941 | D:2      | Learned a level 2 spell: Wereblood
   945 | D:2      | Learned a level 3 spell: Spider Form
  1102 | D:2      | Reached skill level 4 in Unarmed Combat
  1109 | D:2      | Noticed a scorpion
  1129 | D:2      | Killed a scorpion
  1130 | D:2      | Reached XP level 4. HP: 6/35 MP: 7/7
  1132 | D:2      | HP: 1/35 [poisoned by a scorpion]
  1133 | D:2      | Succumbed to a scorpion's poison

Illustrated notes

Levels and vault maps discovered:
D:1:      minmay_arrival_glassed_features, layout_basic, minivault_4
D:2:      layout_basic, nicolae_qazlal_general_emergency, lemuel_crystal_altar,
          chequers_serial_rivers_small_a, uniq_jessica

Skill      XL: |  1  2  3 |
---------------+----------+-----
Dodging        | 2 |  2.2
Unarmed Combat | 4 |  4.5
Fighting       | |  1.1
Throwing       | |  0.1
Stealth        | |  0.2
Spellcasting   | |  2.4
Transmutations | |  2.3

Action                   |  1- 3 |  4- 6 || total
-------------------------+-------+-------++-------
Melee: Unarmed           |   142 |     2 ||   144
       Tailslap          |    14 |       ||    14
       Headbutt          |     7 |       ||     7
       Kick              |     6 |       ||     6
Throw: Dart              |     2 |       ||     2
 Cast: Beastly Appendage |     8 |       ||     8
  Use: Potion            |       |     2 ||     2
 Stab: Sleeping          |     1 |       ||     1
Armor: Skin              |    51 |     1 ||    52
Dodge: Dodged            |    93 |     2 ||    95
